 Dungeon Crawl Stone Soup version 0.30-a0-862-g1aabd4f9c5 (webtiles) character file.

Game seed: 5764584422919047143

32 holysushi the Cutter (level 3, 23/26 HPs)
             Began as an Octopode Monk on Mar 9, 2023.
             Quit the game on level 2 of the Dungeon.
             The game lasted 00:01:10 (1108 turns).

holysushi the Cutter (Octopode Monk)                Turns: 1108, Time: 00:01:10

Health: 23/26      AC:  1    Str: 10    XL:     3   Next: 25%
Magic:  3/3        EV: 14    Int: 12    God:
Gold:   103        SH:  0    Dex: 16    Spells: 2/2 levels left

rFire   . . .      SeeInvis .    a - +0 rapier
rCold   . . .      Faith    .    (no shield)
rNeg    . . .      Spirit   .    (helmet restricted)
rPois   .          Reflect  .    (no amulet)
rElec   .          Rampage  .    (no ring)
rCorr   .                        (no ring)
Will    .....                    (no ring)
Stlth   +++                      (no ring)
HPRegen 0.24/turn                (no ring)
MPRegen 0.08/turn                (no ring)
                                 (no ring)
                                 (no ring)

@: no status effects
A: almost no armour, amphibious, 8 rings, camouflage 1, gelatinous body 1,
(nimble swimmer 1), tentacles, devolution 1
a: no special abilities


You were on level 2 of the Dungeon.
You visited 1 branch of the dungeon, and saw 2 of its levels.

You collected 103 gold pieces.

Inventory:

Hand Weapons
 a - a +0 rapier (weapon)
 l - a +0 short sword
Scrolls
 c - a scroll of enchant armour
Potions
 b - a potion of ambrosia
 e - a potion of cancellation {unknown}
 h - a potion of flight {unknown}
 i - a potion of heal wounds {unknown}
 j - a potion of attraction {unknown}
 k - 2 potions of brilliance {unknown}
 m - 2 potions of lignification {unknown}


   Skills:
 - Level 3.0 Fighting
 + Level 4.3 Short Blades
 - Level 3.0 Dodging
 - Level 2.6 Stealth


You had 2 spell levels left.
You didn't know any spells.
Your spell library contained the following spells:

 Spells                   Type           Power      Damage    Failure   Level
 Blink                    Tloc           0%         N/A       45%         2
 Lesser Beckoning         Tloc           0%         N/A       45%         2
 Momentum Strike          Conj/Tloc      0%         3d8       45%         2


Dungeon Overview and Level Annotations

Branches:
Dungeon (2/15) Zot: 10899

Altars:


Innate Abilities, Weirdness & Mutations

You cannot wear most types of armour.
You are amphibious.
You can wear up to eight rings at the same time.
Your skin changes colour to match your surroundings (Stealth+).
Your rubbery body absorbs attacks. (AC +1, EV +1)
((You are camouflaged when in or above water. (Stealth+)))
You have tentacles for arms and can constrict up to eight enemies at once.
You have hidden genetic defects.


Message History

No target in view!
No target in view!
You now have 100 gold pieces (gained 5).
You open the door.
Found a stone staircase leading down.
There is an open door here.
There is a stone staircase leading down here.
You now have 103 gold pieces (gained 3).
You open the door.
There is an open door here.
Found a stone staircase leading up.
A frilled lizard comes into view.
A frilled lizard is nearby!
A frilled lizard is nearby!
A frilled lizard is nearby!
A frilled lizard is nearby!
The frilled lizard hisses angrily.
You miss the frilled lizard. Your grab misses the frilled lizard.
The frilled lizard misses you.
You barely miss the frilled lizard. Your grab misses the frilled lizard.
The frilled lizard misses you.
You hit the frilled lizard but do no damage.
You grab the frilled lizard. You constrict the frilled lizard.
The frilled lizard bites you.
You hit the frilled lizard.
You kill the frilled lizard!
No target in view!
Really quaff the potion of mutation?
You feel extremely strange.
You feel frail.
Iridescent scales grow over part of your body.
Your thoughts seem clearer.
Really quaff the potion of mutation?
Uppercase [Y]es or [N]o only, please.
Really quaff the potion of mutation?
You feel extremely strange.
Your iridescent scales disappear.
You feel robust.
You feel a hidden malignance growing inside you.
Your thinking seems confused.
Are you sure you want to abandon this character and quit the game? (Confirm with "yes".)

.(.....# ##...##
###.#### ### #.# #.#
#.##############
###..............#
.....##.##.#####.#####
##...##.##.#.........#
#.......##<#.###@###.#
##...#####.# #.# ##..#
#.# #.# #..#####.# ..#
#........# .##
##'######## #. ##...##
.. #...>.## #.
.......##


There were no monsters in sight!

Vanquished Creatures
  A dart slug (D:1)
  2 endoplasms
  A giant cockroach (D:1)
  2 goblins (D:1)
  2 hobgoblins (D:1)
  5 jackals
  A quokka (D:1)
  6 bats
  4 frilled lizards
  2 rats (D:1)
26 creatures vanquished.

Notes
Turn   | Place    | Note
-------+----------+-------------------------------------------
     0 | D:1      | holysushi the Octopode Monk began the quest for the Orb.
     0 | D:1      | Reached XP level 1. HP: 16/16 MP: 1/1
   170 | D:1      | Reached XP level 2. HP: 21/21 MP: 2/2
   455 | D:1      | Reached skill level 4 in Short Blades
   610 | D:1      | Reached XP level 3. HP: 26/26 MP: 3/3
  1106 | D:2      | Gained mutation: You are frail. (-10% HP) [potion of
                  | mutation]
  1106 | D:2      | Gained mutation: You are partially covered in iridescent
                  | scales. (AC +2) [potion of mutation]
  1106 | D:2      | Gained mutation: You possess an exceptional clarity of
                  | mind. [potion of mutation]
  1107 | D:2      | Lost mutation: You are partially covered in iridescent
                  | scales. (AC +2) [potion of mutation]
  1107 | D:2      | Lost mutation: You are frail. (-10% HP) [potion of
                  | mutation]
  1107 | D:2      | Gained mutation: You have hidden genetic defects. [potion
                  | of mutation]
  1107 | D:2      | Lost mutation: You possess an exceptional clarity of mind.
                  | [potion of mutation]
  1108 | D:2      | Quit the game

Illustrated notes

Levels and vault maps discovered:
D:1:      saegor_arrival_simple_e, layout_loops_ring, minmay_pentomino_x2
D:2:      layout_loops_corners, uniq_jessica

Skill      XL: |  1  2 |
---------------+-------+-----
Short Blades   | 4 |  4.3
Fighting       | |  3.0
Dodging        | |  3.0
Stealth        | |  2.6

Action                     || total
---------------------------++-------
  Melee: Short sword       ||    37
         Constrict         ||    11
         Tentacles         ||     8
         Rapier            ||    12
    Use: Scroll            ||     3
         Potion            ||     2
   Stab: Sleeping          ||    11
 Armour: Skin              ||     5
  Dodge: Dodged            ||    22

Table legend: (Time is in decaauts)
 A = Elapsed time spent in this place.
 B = Non-inter-level travel time spent in this place.
 C = Inter-level travel time spent in this place.
 D = Time resting spent in this place.
 E = Time spent auto-exploring this place.
 F = Levels seen in this place.
 G = Mean time per level.
                   A        B        C        D        E       F      G
               +--------+--------+--------+--------+--------+-----+--------+
         Total |   1100 |   1041 |     59 |      0 |    858 |   2 |  550.0 |
       Dungeon |   1100 |   1041 |     59 |      0 |    858 |   2 |  550.0 |
               +--------+--------+--------+--------+--------+-----+--------+

Top non-repeatable levels by time:
     D:1: 697 daAuts
     D:2: 402 daAuts
